 Dungeon Crawl Stone Soup version 0.19.0-2-gae57169 (webtiles) character file.

224 Gingerlord the Skirmisher (level 6, 0/48 HPs)
             Began as a Human Wanderer on Nov 7, 2016.
             Was an Initiate of Okawaru.
             Slain by a phantom (6 damage)
             ... on level 4 of the Dungeon.
             The game lasted 00:12:36 (4487 turns).

Gingerlord the Skirmisher (Human Wanderer)          Turns: 4487, Time: 00:12:36

Health: 0/48       AC:  3    Str: 14    XL:     6   Next: 20%
Magic:  7/7        EV: 13    Int: 11    God:    Okawaru [......]
Gold:   140        SH:  0    Dex: 14    Spells: 0 memorised, 5 levels left

rFire  . . .     SeeInvis .     o - +0 falchion
rCold  . . .     Gourm    .     e - +0 robe
rNeg   . . .     Faith    .     (no shield)
rPois  .         Spirit   .     j - +0 helmet
rElec  .         Reflect  .     (no cloak)
rCorr  .         Harm     .     (no gloves)
MR     .....                    (no boots)
Stlth  +.........               (no amulet)
                                (no ring)
                                (no ring)

@: no status effects
A: no striking features
a: Renounce Religion


You were on level 4 of the Dungeon.
You worshipped Okawaru.
Okawaru was noncommittal.
You were not hungry.

You visited 2 branches of the dungeon, and saw 5 of its levels.

You collected 140 gold pieces.

Inventory:

Hand Weapons
 o - a +0 falchion (weapon)
Armour
 e - a +0 robe (worn)
 j - a +0 helmet (worn)
Wands
 a - a wand of flame (24/48)
Scrolls
 c - a scroll of identify
 d - 3 scrolls of recharging
 k - a scroll of fear
 l - a scroll of teleportation {unknown}
 m - a scroll of fog
 s - a scroll of remove curse {unknown}
Potions
 i - a potion of flight
 n - a potion of cure mutation
 p - a potion of mutation
 r - a potion of curing
Comestibles
 f - 4 bread rations
 g - 3 meat rations
 h - 7 fruits


   Skills:
 + Level 3.7 Fighting
   Level 2.0(2.2) Short Blades
 + Level 1.4(2.0) Long Blades
   Level 1.0 Crossbows
 + Level 3.1 Armour
 + Level 3.5 Dodging
 - Level 2.0 Evocations


You had 5 spell levels left.
You didn't know any spells.

Dungeon Overview and Level Annotations

Branches:
Dungeon (4/15)             Temple (1/1) D:4

Altars:
Ashenzari
Dithmenos
Hepliaklqana
Makhleb
Okawaru
Ru
Vehumet
Xom
Yredelemnul
The Shining One

Shops:
D:4 :


Message History

You barely miss the phantom.
The phantom is moderately damaged.
The phantom barely misses you. The phantom hits you!
You hit the phantom.
The phantom is heavily damaged.
The phantom hits you!
* * * LOW HITPOINT WARNING * * *
You are too injured to fight recklessly!
You barely miss the phantom.
The phantom is heavily damaged.
The phantom closely misses you.
You hit the phantom but do no damage.
The phantom is heavily damaged.
The phantom hits you.
* * * LOW HITPOINT WARNING * * *
Unknown command.
The phantom blinks!
There is a stone staircase leading up, spattered with blood here.
The phantom hits you.
You die...

...... ### #..###
#.. #....#
.##.######w##†#
............#.#
###.#.#w#####>#
#...#...#.....##
#.>.....#.#....#####
#........÷#.##.#@W.#
#.###.#..##.##.#.#.#
..# #.#...).##.#.#.#
### #.#.######(#.#.#
.# #.#...####.#.###
.# #.###s##...#.# .#
#.###.####.#.# #
#..........#.#
#####.##.....#


You could see a phantom.

Vanquished Creatures
  A scorpion (D:4)
  A hound (D:4)
  5 adders
  2 worms
  A dart slug (D:1)
  5 orcs (D:3)
  A ball python (D:1)
  3 bats
  6 giant cockroaches
  6 goblins
  12 hobgoblins
  11 jackals
  A quokka (D:3)
  6 frilled lizards
  9 kobolds
  8 rats
78 creatures vanquished.

Vanquished Creatures (others)
  A goblin (D:2)
1 creature vanquished.

Grand Total: 79 creatures vanquished

Notes
Turn   | Place    | Note
-------+----------+-------------------------------------------
     0 | D:1      | Gingerlord the Human Wanderer began the quest for the Orb.
     0 | D:1      | Gingerlord set off with: a wand of flame (15/48), a +0 short sword, a +0 hand crossbow, 28 bolts, a +0 robe, a bread ration
     0 | D:1      | Reached XP level 1. HP: 16/16 MP: 2/2
   105 | D:1      | Reached XP level 2. HP: 4/22 MP: 3/3
   108 | D:1      | HP: 1/22 [bat (1)]
   789 | D:1      | Reached XP level 3. HP: 18/28 MP: 4/4
  1617 | D:2      | Found a radiant altar of Vehumet.
  1705 | D:2      | Reached XP level 4. HP: 34/34 MP: 5/5
  2089 | D:2      | Found a burning altar of Makhleb.
  2091 | D:2      | Found a glowing golden altar of the Shining One.
  2679 | D:3      | Reached XP level 5. HP: 33/41 MP: 6/6
  2874 | D:3      | Found a shadowy altar of Dithmenos.
  3708 | D:4      | Found a staircase to the Ecumenical Temple.
  3720 | Temple   | Entered the Ecumenical Temple
  3763 | Temple   | Became a worshipper of Warmaster Okawaru
  3917 | D:4      | Reached skill level 1 in Long Blades
  3917 | D:4      | Reached XP level 6. HP: 40/48 MP: 7/7
  4222 | D:4      | Noticed a phantom
  4237 | D:4      | Found Roigrem's Book Shop.
  4487 | D:4      | Slain by a phantom

Skill      XL: |  1  2  3  4  5 |
---------------+----------------+-----
Armour         | 2 3 |  3.1
Fighting       | 3 |  3.7
Dodging        | 3 |  3.5
Long Blades    | 1 |  1.4
Short Blades   | |  2.0
Crossbows      | |  1.0
Evocations     | |  2.0

Action                   |  1- 3 |  4- 6 || total
-------------------------+-------+-------++-------
Melee: Short sword       |   174 |   112 ||   286
       Falchion          |       |   131 ||   131
Evoke: Wand              |     2 |     6 ||     8
  Use: Potion            |     2 |     1 ||     3
       Scroll            |       |     6 ||     6
 Stab: Sleeping          |     4 |     4 ||     8
  Eat: Chunk             |     3 |     3 ||     6
       Bread ration      |       |     1 ||     1
       Royal jelly       |       |     1 ||     1
Armor: Robe              |    59 |    42 ||   101
Dodge: Dodged            |   137 |   179 ||   316
       Rpst.: Falchion   |       |    36 ||    36
